 Dungeon Crawl Stone Soup version 0.31-a0-868-g674d60d6f7 (webtiles) character file.

Game seed: 16132453566631878013

854 wildpjah the Covert (level 7, 0/35 HPs)
             Began as a Spriggan Brigand on Oct 9, 2023.
             Slain by a worm (8 damage)
             ... on level 5 of the Dungeon on Oct 26, 2023.
             The game lasted 00:17:11 (4317 turns).

wildpjah the Covert (Spriggan Brigand)              Turns: 4317, Time: 00:17:12

Health: 0/35       AC:  3    Str:  7    XL:     7   Next: 70%
Magic:  0/8        EV: 25    Int: 13    God:
Gold:   382        SH:  0    Dex: 18    Spells: 6/6 levels left

rFire   . . .        o - +0 falchion
rCold   . . .        (no shield)
rNeg    + . .        b - +0 robe
rPois   .            (helmet restricted)
rElec   .            c - +0 cloak
rCorr   .            (gloves unavailable)
SInv    +            (boots unavailable)
Will    +....        k - amulet of guardian spirit
Stlth   ++++         n - ring of positive energy
HPRegen 0.25/turn    z - +5 ring of evasion
MPRegen 0.11/turn

%: guardian spirit
@: very quick
A: very small, no large weapons, unfitting armour, see invisible, speed 3
a: no special abilities


You were on level 5 of the Dungeon.
You visited 1 branch of the dungeon, and saw 5 of its levels.
You also visited: Sewer.

You collected 382 gold pieces.

Inventory:

Hand Weapons
 o - a +0 falchion (weapon)
 u - a +4 dagger
Missiles
 d - 18 poisoned darts (quivered)
 e - 3 curare-tipped darts
Armour
 b - a +0 robe (worn)
 c - a +0 cloak (worn)
Jewellery
 h - an amulet of the acrobat
 k - an amulet of guardian spirit (around neck)
 n - a ring of positive energy (left hand)
 p - a ring of willpower
 z - a +5 ring of evasion (right hand)
Scrolls
 i - 2 scrolls of identify
 m - 3 scrolls of noise
 r - a scroll of teleportation
 v - 2 scrolls of revelation {unknown}
 x - a scroll of blinking
 y - a scroll of enchant armour {unknown}
 A - a scroll of brand weapon {unknown}
 B - a scroll of amnesia {unknown}
Potions
 a - a potion of invisibility {unknown}
 f - 2 potions of enlightenment {unknown}
 g - a potion of haste {unknown}
 j - a potion of degeneration {unknown}
 l - a potion of berserk rage {unknown}
 q - a potion of might {unknown}
 s - a potion of heal wounds {unknown}
 t - 2 potions of brilliance {unknown}
 w - a potion of curing {unknown}
 C - a potion of lignification {unknown}


   Skills:
 + Level 2.5 Fighting
 + Level 3.3(4.8) Short Blades
 + Level 4.0(4.3) Long Blades
 + Level 2.3 Throwing
 * Level 6.0 Dodging
 + Level 8.5 Stealth


You had 6 spell levels left.
You didn't know any spells.
Your spell library contained the following spells:

 Spells                   Type           Power      Damage    Failure   Level
 Blink                    Tloc           0%         N/A       43%         2
 Lesser Beckoning         Tloc           0%         N/A       43%         2
 Momentum Strike          Conj/Tloc      0%         3d8       43%         2
 Poisonous Vapours        Pois/Air       0%         N/A       43%         2
 Mephitic Cloud           Conj/Pois/Air  0%         N/A       67%         3
 Freezing Cloud           Conj/Ice/Air   0%         6-21      100%        5


Dungeon Overview and Level Annotations

Branches:
Dungeon (5/15)             Temple (0/1) D:5           Sewer (visited)

Altars:
Okawaru
Sif Muna


Innate Abilities, Weirdness & Mutations

You are very small and have problems with some larger weapons.
You are too small for most types of armour.
You have supernaturally acute eyesight. (SInv)
You cover ground extremely quickly. (Speed+++)


Message History

You barely miss the hound. The hound completely misses you.
The hound closely misses you.
You closely miss the hound. The hound bites you. x2
You hit the hound.
The hound is lightly wounded.
The hound completely misses you.
You slash the hound!
The hound is heavily wounded.
The hound misses you. The hound closely misses you.
You hit the hound but do no damage.
The hound is heavily wounded.
The hound bites you.
You hit the hound but do no damage.
The hound is heavily wounded.
The hound completely misses you. The hound bites you.
You barely miss the hound.
The hound is heavily wounded.
The hound completely misses you. The hound barely misses you.
You hit the hound.
The hound is almost dead.
The hound barely misses you.
You hit the hound.
You kill the hound!
Your Dodging skill increases to level 6!
You now have 382 gold pieces (gained 14).
Things that are here:
a +0 pair of boots; a hound corpse Magic restored.
A worm comes into view.
There is a fountain of clear blue water here.
The worm bites you!
You barely miss the worm. The worm bites you!
You hit the worm but do no damage. You hit the worm but do no damage.
The worm bites you.
* * * LOW HITPOINT WARNING * * *
You barely miss the worm. You slash the worm!
The worm is moderately wounded.
The worm bites you!
You die...

##.#..........#
##[#..#..⌠..#..####
.....##....[##....
##..##..#.#..##..## #
#..##..##.##..##.##.#
#.....##...##.....#.#
#...⌠....>...$⌠.....#
#....o##...##.......#
#..##o.##. #..##@#.##
#... #..# #..##..w.#
# ...##.....# #
.⌠..#..###.# #
........ .. #
######## .## # # #


You could see a worm.

Vanquished Creatures
  Sigmund (D:3)
  An ogre (D:4)
  A phantom (D:4)
  2 scorpions (D:4)
  A jelly (D:4)
  2 hounds
  2 orc priests
  Robin (D:3)
  9 adders
  4 gnolls (D:5)
  2 ufetubi (D:4)
  A dart slug (D:4)
  11 orcs
  9 ball pythons
  7 endoplasms
  9 giant cockroaches
  11 hobgoblins
  A jackal (D:4)
  7 kobolds
  4 quokkas
  5 bats
  8 frilled lizards
  11 goblins
  3 rats
113 creatures vanquished.

Notes
Turn   | Place    | Note
-------+----------+-------------------------------------------
     0 | D:1      | wildpjah the Spriggan Brigand began the quest for the Orb.
     0 | D:1      | Reached XP level 1. HP: 10/10 MP: 2/2
    64 | D:1      | Reached skill level 6 in Stealth
   126 | D:1      | Reached XP level 2. HP: 14/14 MP: 3/3
   713 | D:2      | Reached XP level 3. HP: 4/18 MP: 4/4
   897 | D:2      | Found a faded altar of an unknown god.
  1186 | D:2      | Upgraded the game from 0.31-a0-859-g9dce7d3444 to
                  | 0.31-a0-868-g674d60d6f7
  1410 | D:2      | Reached skill level 7 in Stealth
  1751 | D:3      | Reached XP level 4. HP: 23/23 MP: 5/5
  1769 | D:3      | HP: 1/23 [orc/+0 club (3)]
  1977 | D:3      | Noticed Sigmund
  2023 | D:3      | Killed Sigmund
  2024 | D:3      | Reached XP level 5. HP: 26/26 MP: 6/6
  2087 | D:3      | Noticed Robin
  2154 | D:3      | Killed Robin
  2155 | D:3      | Reached skill level 8 in Stealth
  2155 | D:3      | Reached XP level 6. HP: 30/30 MP: 7/7
  2560 | D:3      | Found an iron altar of Okawaru.
  2685 | D:4      | Found a glowing drain.
  2708 | Sewer    | Entered a sewer
  3199 | D:4      | Reached XP level 7. HP: 23/35 MP: 5/8
  3418 | D:4      | Reached skill level 5 in Dodging
  3493 | D:4      | Found a shimmering blue altar of Sif Muna.
  4143 | D:5      | Entered Level 5 of the Dungeon
  4215 | D:5      | Identified the +3 ring mail of Anaesthesia {Rampage Will+
                  | Regen+}
  4230 | D:5      | Found a staircase to the Ecumenical Temple.
  4317 | D:5      | Slain by a worm

Illustrated notes

Levels and vault maps discovered:
D:1:      amcnicky_arrival_wind_blow, layout_basic, amcnicky_mini_pool_small,
          nicolae_figureground_sparkle
D:2:      layout_loops_corners, shapermc_ecumenical_altar_mp_vishouse
D:3:      layout_basic, marbit_many_paths, serial_glass, glass_columns_b,
          glass_columns_a, kennysheep_generic_room_7, uniq_sigmund, uniq_robin
D:4:      layout_basic, mainiacjoe_overflow_24_doors, gup_sewer_entry_pipe,
          grunt_decor_clamped, kennysheep_generic_room_13
D:5:      layout_loops_ring, nicolae_overflow_hidden_temple,
          lemuel_coloured_pillars_altar, gammafunk_temple_overflow_forgotten,
          minmay_temple_entry_waves, amcnicky_mini_pool_medium

Skill      XL: |  1  2  3  4  5  6  7 |
---------------+----------------------+-----
Stealth        | 6 7 8 |  8.5
Short Blades   | 3 |  3.3
Dodging        | 2 3 4 6 |  6.0
Fighting       | 2 |  2.5
Long Blades    | 2 3 4 |  4.0
Throwing       | |  2.3

Action                     |  1- 3 |  4- 6 |  7- 9 || total
---------------------------+-------+-------+-------++-------
  Melee: Dagger            |    67 |    11 |       ||    78
         Punch             |     2 |     2 |     3 ||     7
         Falchion          |    55 |   147 |   160 ||   362
  Throw: Dart              |       |     9 |     3 ||    12
    Use: Scroll            |       |     3 |       ||     3
   Stab: Sleeping          |    20 |    10 |     4 ||    34
         Distracted        |     1 |       |       ||     1
 Armour: Robe              |    29 |    68 |    46 ||   143
  Dodge: Dodged            |   115 |   141 |   154 ||   410

Table legend: (Time is in decaauts)
 A = Elapsed time spent in this place.
 B = Non-inter-level travel time spent in this place.
 C = Inter-level travel time spent in this place.
 D = Time resting spent in this place.
 E = Time spent auto-exploring this place.
 F = Levels seen in this place.
 G = Mean time per level.
                   A        B        C        D        E       F      G
               +--------+--------+--------+--------+--------+-----+--------+
         Total |   3212 |   3131 |     81 |      0 |   2125 |   6 |  535.3 |
       Dungeon |   2869 |   2788 |     81 |      0 |   1907 |   5 |  573.8 |
         Sewer |    343 |    343 |      0 |      0 |    218 |   1 |  343.0 |
               +--------+--------+--------+--------+--------+-----+--------+

Top non-repeatable levels by time:
     D:4: 932 daAuts
     D:2: 838 daAuts
     D:3: 533 daAuts
     D:1: 419 daAuts
   Sewer: 343 daAuts
     D:5: 145 daAuts
